 Dungeon Crawl Stone Soup version 0.31-a0-1301-g7e11add784 (webtiles) character file.

Game seed: 9162924554961101295

1912 Bnni the Geomancer (level 9, 0/63 (68) HPs)
             Began as a Formicid Earth Elementalist on Dec 19, 2023.
             Slain by a gnoll
             ... wielding a +0 flail
             ... led by a gnoll sergeant
              (8 damage)
             ... on level 6 of the Dungeon.
             The game lasted 00:11:03 (4524 turns).

Bnni the Geomancer (Formicid Earth Elementalist)    Turns: 4524, Time: 00:11:03

HP:   0/63 (68)     AC:  8    Str: 13    XL:     9   Next: 39%
MP:   2/16          EV: 12    Int: 19    God:
Gold: 192           SH:  0    Dex: 14    Spells: 4/18 levels left

rFire   . . .        D - +0 dagger (venom)
rCold   . . .        (no shield)
rNeg    . . .        a - +0 robe
rPois   +            (helmet unavailable)
rElec   .            t - +0 cloak
rCorr   .            (no gloves)
SInv    +            u - +0 pair of boots
Will    .....        (no amulet)
Stlth   ++           p - ring of poison resistance
HPRegen 0.30/turn    s - +4 ring of protection
MPRegen 0.15/turn

%: no passive effects
@: drained
A: permanent stasis, dig shafts and tunnels, antennae 3, four strong arms
a: Dig, Shaft Self


You were on level 6 of the Dungeon.
You visited 1 branch of the dungeon, and saw 6 of its levels.
You also visited: Sewer.

You collected 192 gold pieces.

Inventory:

Hand Weapons
 D - a +0 dagger of venom (weapon)
Missiles
 z - a throwing net
Armour
 a - a +0 robe (worn)
 l - a +0 chain mail
 t - a +0 cloak (worn)
 u - a +0 pair of boots (worn)
Magical Staves
 v - a staff of conjuration
Jewellery
 e - a ring of resist corrosion
 p - a ring of poison resistance (left hand)
 s - a +4 ring of protection (right hand)
Wands
 q - a wand of paralysis (1)
 F - a wand of flame (25)
Scrolls
 c - 2 scrolls of noise {unknown}
 g - a scroll of torment {unknown}
 i - 2 scrolls of immolation {unknown}
 j - a scroll of silence {unknown}
 k - a scroll of poison {unknown}
 w - 2 scrolls of teleportation {unknown}
 x - a scroll of amnesia {unknown}
 y - a scroll of enchant armour {unknown}
 A - a scroll of fog {unknown}
Potions
 b - 4 potions of magic
 d - 3 potions of enlightenment
 f - a potion of might
 h - a potion of invisibility
 m - a potion of mutation
 o - 2 potions of attraction
 r - a potion of heal wounds {unknown}
 B - a potion of curing {unknown}
 C - a potion of lignification {unknown}
 E - a potion of ambrosia {unknown}


   Skills:
 + Level 5.1 Fighting
 + Level 2.4 Armour
 - Level 1.7 Dodging
 - Level 2.4 Stealth
 - Level 5.0 Spellcasting
 - Level 5.0 Conjurations
 - Level 2.0 Transmutations
 * Level 9.2 Earth Magic


You had 4 spell levels left.
You knew the following spells:

 Your Spells              Type           Power      Damage    Failure   Level
a - Sandblast             Erth           78%        2d17      1%          1
b - Passwall              Tmut/Erth      21%        N/A       1%          2
c - Stone Arrow           Conj/Erth      62%        3d10      1%          3
d - Brom's Barrelling Bo  Conj/Erth      31%        2d5       7%          4
e - Petrify               Tmut/Erth      26%        N/A       12%         4

Your spell library contained the following spells:

 Spells                   Type           Power      Damage    Failure   Level
 Magic Dart               Conj           92%        1d7       1%          1
 Searing Ray              Conj           46%        2d6       2%          2
 Necrotise                Necr           16%        1d4       12%         1
 Vampiric Draining        Necr           4%         2d6       36%         3
 Fulminant Prism          Conj/Hex       7%         3d7       41%         4
 Agony                    Necr           4%         N/A       98%         5


Dungeon Overview and Level Annotations

Branches:
Dungeon (6/15)              Sewer (visited)
 Temple: D:4-7

Altars:
Kikubaaqudgha

Shops:
D:1 (


Innate Abilities, Weirdness & Mutations

You cannot be hasted, slowed, berserked, paralysed or teleported.
You can dig through walls and to a lower floor.
You have a pair of large antennae on your head. (SInv)
Your four strong arms can wield two-handed weapons with a shield.


Message History

D - a +0 dagger of venom (weapon)
The gnoll sergeant hits you with a +0 war axe.
You are too injured to fight recklessly!
You are too injured to fight recklessly!
You hit the gnoll sergeant but do no damage.
The gnoll sergeant is poisoned.
The gnoll sergeant is almost dead.
The gnoll sergeant hits you with a +0 war axe!
You hit the gnoll sergeant but do no damage.
The gnoll sergeant looks even sicker.
The gnoll sergeant is almost dead.
The gnoll sergeant hits you with a +0 war axe.
* * * LOW HITPOINT WARNING * * *
You barely miss the gnoll sergeant.
The gnoll sergeant is almost dead.
The gnoll sergeant hits you but does no damage.
Unknown command.
Aiming: Sandblast (safe; 1% risk of failure)
Press: ? - help, Q - select action, (/) - cycle Shift-Dir - straight line, f/p - gnoll
Aim: a gnoll, wielding a +0 flail (86% to hit)
The blast of sand hits the gnoll sergeant but does no damage.
The gnoll sergeant is almost dead.
The gnoll sergeant hits you with a +0 war axe!
* * * LOW HITPOINT WARNING * * *
Okay, then.
You hit the gnoll sergeant but do no damage.
The gnoll sergeant is almost dead.
The gnoll sergeant hits you but does no damage.
Unknown command.
Aiming: Sandblast (safe; 1% risk of failure)
Press: ? - help, Q - select action, (/) - cycle Shift-Dir - straight line, f/p - gnoll
Aim: a gnoll, wielding a +0 flail (86% to hit)
The blast of sand hits the gnoll sergeant!
You kill the gnoll sergeant!
The gnoll hits you with a +0 flail.
* * * LOW HITPOINT WARNING * * *
Unknown command.
You hit the gnoll but do no damage.
The gnoll is poisoned.
The gnoll barely misses you. The gnoll hits you with a +0 flail!
You die...

##.......##..).......
#<.##...###.†).).#
...#....###.....##
........##......#
................#
.....#........###
....##........###
....##.......)gg##
..#....#.....{##@#
.###..##......######
. #..# ###..........?
... ##.......... ..
#..........
,g..........
...........#
#......!....#
,,......:.#..##


You could see 2 gnolls.

Vanquished Creatures
  Grinder (D:5)
  Sigmund (D:4)
  Eustachio (D:5)
  Menkaure (D:4)
  2 water moccasins
  Pargi (Sewer)
  An ogre (D:5)
  A phantom (D:5)
  Blork the orc (D:5)
  A bullfrog (D:6)
  A gnoll sergeant (D:6)
  2 orc priests
  3 hounds
  4 jellies
  Crazy Yiuf (D:2)
  A sleepcap (D:4)
  2 iguanas
  Natasha (thrice) (D:4)
  2 orc wizards
  A gnoll (D:6)
  A river rat (D:3)
  4 adders
  2 shadow imps
  2 worms
  7 orcs
  5 endoplasms
  5 giant cockroaches
  7 goblins
  6 hobgoblins
  7 jackals (D:4)
  A quokka (D:3)
  5 ball pythons
  6 bats
  4 frilled lizards
  13 kobolds
  7 rats
113 creatures vanquished.

Notes
Turn   | Place    | Note
-------+----------+-------------------------------------------
     0 | D:1      | Bnni the Formicid Earth Elementalist began the quest for
                  | the Orb.
     0 | D:1      | Reached XP level 1. HP: 13/13 MP: 3/3
   129 | D:1      | Reached XP level 2. HP: 20/20 MP: 3/5
   287 | D:1      | Reached skill level 4 in Earth Magic
   305 | D:1      | Found Itulorue's Antique Weapon Emporium.
   458 | D:1      | Reached skill level 1 in Fighting
   470 | D:1      | Reached XP level 3. HP: 25/26 MP: 4/6
   476 | D:1      | Learned a level 2 spell: Passwall
   480 | D:1      | Learned a level 3 spell: Stone Arrow
  1152 | D:2      | Reached XP level 4. HP: 32/32 MP: 5/7
  1326 | D:2      | Found a runed translucent door.
  1327 | D:2      | Noticed Crazy Yiuf
  1339 | D:2      | Killed Crazy Yiuf
  1485 | D:3      | Found a faded altar of an unknown god.
  1649 | D:3      | Reached skill level 5 in Earth Magic
  1649 | D:3      | Reached XP level 5. HP: 34/38 MP: 9/9
  1690 | D:3      | Found a glowing drain.
  1694 | Sewer    | Entered a sewer
  1704 | Sewer    | Reached skill level 1 in Conjurations
  1795 | Sewer    | Noticed Pargi
  1821 | Sewer    | Killed Pargi
  1822 | Sewer    | Reached XP level 6. HP: 18/46 MP: 1/10
  2166 | D:3      | Learned a level 4 spell: Brom's Barrelling Boulder
  2463 | D:3      | Reached skill level 6 in Earth Magic
  2640 | D:4      | Noticed Menkaure
  2642 | D:4      | Killed Menkaure
  2643 | D:4      | Reached XP level 7. HP: 52/52 MP: 9/12
  2753 | D:4      | Noticed Natasha
  2757 | D:4      | Killed Natasha
  2822 | D:4      | Noticed Natasha
  2825 | D:4      | Killed Natasha
  3082 | D:4      | Noticed Natasha
  3086 | D:4      | Killed Natasha
  3252 | D:4      | Noticed Sigmund
  3259 | D:4      | Killed Sigmund
  3260 | D:4      | Reached skill level 7 in Earth Magic
  3260 | D:4      | Reached XP level 8. HP: 53/58 MP: 8/14
  3427 | D:5      | Entered Level 5 of the Dungeon
  3475 | D:5      | Learned a level 4 spell: Petrify
  3493 | D:5      | Noticed Eustachio
  3516 | D:5      | Killed Eustachio
  3744 | D:5      | Noticed Blork the orc
  3748 | D:5      | Killed Blork the orc
  3749 | D:5      | Reached skill level 8 in Earth Magic
  4023 | D:5      | Found an ancient bone altar of Kikubaaqudgha.
  4028 | D:5      | Noticed Grinder
  4033 | D:5      | Killed Grinder
  4034 | D:5      | Reached skill level 1 in Armour
  4034 | D:5      | Reached XP level 9. HP: 59/66 MP: 8/16
  4298 | D:5      | Reached skill level 5 in Conjurations
  4430 | D:6      | Reached skill level 5 in Spellcasting
  4495 | D:6      | Reached skill level 5 in Fighting
  4495 | D:6      | Reached skill level 9 in Earth Magic
  4505 | D:6      | Identified the +2 robe of Broken Taboos {rN+}
  4524 | D:6      | Slain by a gnoll

Illustrated notes

Levels and vault maps discovered:
D:1:      saegor_arrival_under_anarchy, layout_rooms, serial_shops, shop
D:2:      layout_basic, hex_medium, minmay_misc_feat_diagonals,
          minmay_pentomino_x2, uniq_crazy_yiuf_cottage
D:3:      layout_loops_ring, gup_sewer_entry_spiral,
          dreamdust_ecumenical_altar_statues
D:4:      layout_basic, uniq_sigmund, uniq_menkaure, uniq_natasha
D:5:      layout_loops_ring, mainiacjoe_overflow_cross_hatched,
          nicolae_elevator_lobby_asterisk, uniq_eustachio, uniq_grinder,
          uniq_blork_the_orc
D:6:      layout_cave_pools, minitemple, kennysheep_generic_room_9

Skill      XL: |  1  2  3  4  5  6  7  8  9 |
---------------+----------------------------+-----
Earth Magic    | 4 5 6 7 8 9 |  9.2
Fighting       | 1 2 3 4 5 |  5.1
Transmutations | 2 |  2.0
Spellcasting   | 3 4 5 |  5.0
Conjurations   | 2 3 4 5 |  5.0
Armour         | 1 2 |  2.4
Dodging        | |  1.7
Stealth        | |  2.4

Action                     |  1- 3 |  4- 6 |  7- 9 || total
---------------------------+-------+-------+-------++-------
  Melee: War axe           |    10 |       |       ||    10
         Quarterstaff      |     4 |    22 |       ||    26
         Dagger            |       |    31 |     5 ||    36
         Punch             |       |     1 |       ||     1
         Staff             |       |     3 |    12 ||    15
   Cast: Sandblast         |    32 |    56 |   107 ||   195
Ability: Dig               |       |     1 |     1 ||     2
    Use: Scroll            |       |     5 |     2 ||     7
 Armour: Robe              |    19 |    64 |    79 ||   162
  Dodge: Dodged            |    15 |    84 |    64 ||   163

Table legend: (Time is in decaauts)
 A = Elapsed time spent in this place.
 B = Non-inter-level travel time spent in this place.
 C = Inter-level travel time spent in this place.
 D = Time resting spent in this place.
 E = Time spent auto-exploring this place.
 F = Levels seen in this place.
 G = Mean time per level.
                   A        B        C        D        E       F      G
               +--------+--------+--------+--------+--------+-----+--------+
         Total |   4664 |   4520 |    144 |    178 |   3352 |   7 |  666.3 |
       Dungeon |   4361 |   4217 |    144 |     63 |   3352 |   6 |  726.8 |
         Sewer |    303 |    303 |      0 |    115 |      0 |   1 |  303.0 |
               +--------+--------+--------+--------+--------+-----+--------+

Top non-repeatable levels by time:
     D:5: 984 daAuts
     D:3: 935 daAuts
     D:2: 925 daAuts
     D:4: 806 daAuts
     D:1: 562 daAuts
   Sewer: 303 daAuts
     D:6: 147 daAuts
